 Dungeon Crawl Stone Soup version 0.18-a0-1628-g61c6396 (webtiles) character file.

46 dohliylev the Sneak (level 3, -5/27 HPs)
             Began as a Vampire Assassin on Mar 25, 2016.
             Slain by a gnoll
             ... wielding a +0 whip
              (9 damage)
             ... on level 2 of the Dungeon.
             The game lasted 00:01:45 (714 turns).

dohliylev the Sneak (Vampire Assassin)               Turns: 714, Time: 00:01:46

Health: -5/27      AC:  3    Str: 10    XL:     3   Next: 46%
Magic:  3/3        EV: 12    Int: 13    God:
Gold:   46         SH:  0    Dex: 16    Spells: 0 memorised, 2 levels left

rFire  . . .     SeeInvis +     a - +2 dagger
rCold  . . .     Gourm    .     c - +0 robe
rNeg   . . .     Faith    .     (no shield)
rPois  .         Spirit   .     (no helmet)
rElec  .         Dismiss  .     d - +0 cloak
rCorr  .         Reflect  .     (no gloves)
SustAt .         Harm     .     (no boots)
MR     .....                    (no amulet)
Stlth  ++++......               (no ring)
                                (no ring)

@: regenerating quickly, not resistant to hostile enchantments, stealthy
A: fangs 3, see invisible, unbreathing
a: no special abilities


You were on level 2 of the Dungeon.
You were very full.

You visited 1 branch of the dungeon, and saw 2 of its levels.

You collected 46 gold pieces.

Inventory:

Hand Weapons
 a - a +2 dagger (weapon)
 b - a +0 blowgun
Missiles
 e - 16 poisoned needles
 f - 2 curare-tipped needles
Armour
 c - a +0 robe (worn)
 d - a +0 cloak (worn)
 p - a +0 helmet
Scrolls
 i - a scroll of amnesia {unknown}
 k - 2 scrolls of enchant armour {unknown}
 l - a scroll of identify {unknown}
 q - a scroll of noise {unknown}
 r - a scroll of enchant weapon {unknown}
Potions
 g - 4 potions of blood
 h - 4 potions of curing {unknown}
 j - a potion of invisibility {unknown}
 m - a potion of cancellation {unknown}
 n - a potion of ambrosia {unknown}
 o - 2 potions of might {unknown}
 s - a potion of brilliance {unknown}
 t - a potion of flight {unknown}


   Skills:
 + Level 2.1 Fighting
 + Level 2.4 Short Blades
 + Level 1.5 Throwing
 + Level 1.4 Dodging
 + Level 7.3 Stealth


You had 2 spell levels left.
You didn't know any spells.

Dungeon Overview and Level Annotations

Branches:
Dungeon (2/15)

Altars:


Innate Abilities, Weirdness & Mutations

Your natural rate of healing is unusually fast.
You have razor-sharp teeth.
You have supernaturally acute eyesight.
You can survive without breathing.


Message History

You hit the gnoll.
The gnoll is lightly wounded.
The gnoll hits you from afar with a spear!
You hit the gnoll.
The gnoll is moderately wounded.
The gnoll hits you with a whip. The gnoll completely misses you.
The gnoll barely misses you.
You closely miss the gnoll.
The gnoll is lightly wounded.
The gnoll hits you with a whip. The gnoll closely misses you.
The gnoll barely misses you.
You hit the gnoll.
The gnoll is heavily wounded.
The gnoll barely misses you. The gnoll completely misses you.
The gnoll hits you from afar with a spear.
* * * LOW HITPOINT WARNING * * *
You barely miss the gnoll. Your bite misses the gnoll.
The gnoll is heavily wounded.
The gnoll hits you with a whip!
You die...

# #+# #.##.# + ...#
...#.##.####
...........#
#.#.##.##.# #@##.# #
#..gg)#.# .#
#...g####.########.#
##... #.#........#
#.. #........# #..
###.####.###### ##
#.##.........
#.##.#.#####.
#.##(#.#...#.


You could see 3 gnolls.

Vanquished Creatures
  A gnoll (D:2)
  2 adders (D:2)
  A giant gecko (D:1)
  2 goblins (D:1)
  3 hobgoblins (D:1)
  3 jackals (D:1)
  2 kobolds (D:1)
  3 bats
  2 giant newts (D:1)
19 creatures vanquished.

Notes
Turn   | Place    | Note
--------------------------------------------------------------
     0 | D:1      | dohliylev the Vampire Assassin began the quest for the Orb.
     0 | D:1      | Reached XP level 1. HP: 16/16 MP: 1/1
    16 | D:1      | Reached skill level 6 in Stealth
   206 | D:1      | Reached XP level 2. HP: 11/22 MP: 2/2
   573 | D:2      | Reached skill level 7 in Stealth
   593 | D:2      | Reached XP level 3. HP: 27/27 MP: 3/3
   714 | D:2      | Slain by a gnoll

Vault maps used:
D:1:      dpeg_arrival_houses_and_road, serial_bayou_pond_d, minmay_cupped
D:2:      first_bread

Skill      XL: |  1  2 |
---------------+-------+-----
Stealth        | 6 7 |  7.3
Fighting       | 2 |  2.1
Short Blades   | |  2.4
Throwing       | |  1.5
Dodging        | |  1.4

Action                   || total
-------------------------++-------
Melee: Dagger            ||    44
 Stab: Sleeping          ||     9
  Eat: Corpse            ||     7
